 Dungeon Crawl Stone Soup version 0.20.0-15-g7f486f2 (webtiles) character file.

98 sagitran the Conjurer (level 4, 0/24 HPs)
             Began as a Tengu Conjurer on June 13, 2017.
             Was an Initiate of Vehumet.
             Succumbed to a worker ant's poison
             ... on level 4 of the Dungeon.
             The game lasted 00:25:51 (1448 turns).

sagitran the Conjurer (Tengu Conjurer)              Turns: 1448, Time: 00:25:52

Health: 0/24       AC:  2    Str:  8    XL:     4   Next: 69%
Magic:  0/8        EV: 13    Int: 16    God:    Vehumet [......]
Gold:   144        SH:  0    Dex: 15    Spells: 1/7 levels left

rFire    . . .     SeeInvis .   f - +0 short sword
rCold    . . .     Gourm    .   (no shield)
rNeg     . . .     Faith    .   a - +0 robe
rPois    .         Spirit   +   (helmet restricted)
rElec    .         Reflect  .   (no cloak)
rCorr    .         Harm     .   (no gloves)
MR       .....                  (boots unavailable)
Stlth    ++........             i - amulet of guardian spirit
Regen    0.1/turn               (no ring)
MPRegen  0.2/turn               (no ring)

@: lethally poisoned (0 -> -7)
A: beak, talons 3
a: Renounce Religion


You were on level 4 of the Dungeon.
You worshipped Vehumet.
Vehumet was noncommittal.
You were not hungry.

You visited 1 branch of the dungeon, and saw 3 of its levels.

You collected 144 gold pieces.

Inventory:

Hand Weapons
 f - a +0 short sword (weapon)
Missiles
 e - 3 tomahawks (quivered)
Armour
 a - a +0 robe (worn)
Jewellery
 i - an amulet of guardian spirit (around neck)
Scrolls
 g - a scroll of remove curse
 l - a scroll of immolation {unknown}
 n - a scroll of teleportation {unknown}
 p - a scroll of enchant weapon {unknown}
Potions
 m - a potion of might {unknown}
 o - 2 potions of brilliance
Books
 b - a book of Conjurations

   Spells                             Type                      Level
   a - Magic Dart                     Conjuration                  1
   b - Searing Ray                    Conjuration                  2
   c - Dazzling Spray                 Conjuration/Hexes            3
   d - Fulminant Prism                Conjuration/Hexes            4
   e - Force Lance                    Conjuration/Translocation    4
   f - Iskenderun's Mystic Blast      Conjuration                  4
Comestibles
 h - 4 fruits


   Skills:
 + Level 0.6 Fighting
 + Level 0.7 Short Blades
 + Level 1.2 Throwing
 + Level 2.9 Dodging
 + Level 2.3 Stealth
 + Level 2.3 Spellcasting
 + Level 6.4 Conjurations


You had one spell level left.
You knew the following spells:

 Your Spells              Type           Power        Failure   Level  Hunger
a - Magic Dart            Conj           ###.         1%          1    #......
b - Searing Ray           Conj           ###...       2%          2    ###....
c - Dazzling Spray        Conj/Hex       ##....       16%         3    ###....


Dungeon Overview and Level Annotations

Branches:
Dungeon (2/15)

Altars:
Fedhas
Hepliaklqana
Kikubaaqudgha
Qazlal
Vehumet
The Shining One


Innate Abilities, Weirdness & Mutations

You have a beak for a mouth.
You have claws for feet.


Message History

The searing ray hits the gnoll.
You kill the gnoll!
Vehumet accepts your kill.
The searing ray hits the gnoll.
The gnoll is severely wounded.
You finish channeling your searing ray.
* * * LOW HITPOINT WARNING * * *
You feel sick.
Casting: Searing Ray
Confirm with . or Enter, or press ? or * to list all spells.
Aiming: Searing Ray
Press: ? - help, Shift-Dir - straight line, f - gnoll
Aim: a gnoll (severely wounded)
The searing ray hits the gnoll.
The gnoll is almost dead. (Press . to maintain the ray.)
The gnoll hits you.
* * * LOW HITPOINT WARNING * * *
Without enough magic to sustain it, your searing ray dissipates.
You die...

###########..
#..@g(.)....%
########
#.#########.#
#......# #.#
#.####.# #.#
#.###.# #.#
#.# ......#
#.# #.#
#####'## #.#
#.# #♣...♣##.#
#.#
#.....##.###.#


You could see a gnoll.

Vanquished Creatures
  A worker ant (D:4)
  2 gnolls (D:4)
  2 adders (D:2)
  A worm (D:1)
  3 dart slugs
  2 leopard geckos (D:1)
  4 giant cockroaches
  3 hobgoblins (D:1)
  4 jackals (D:1)
  A bat (D:2)
  3 kobolds (D:1)
  4 rats
30 creatures vanquished.

Notes
Turn   | Place    | Note
-------+----------+-------------------------------------------
     0 | D:1      | sagitran the Tengu Conjurer began the quest for the Orb.
     0 | D:1      | Reached XP level 1. HP: 10/10 MP: 4/4
   126 | D:1      | Reached XP level 2. HP: 15/15 MP: 4/6
   130 | D:1      | Learned a level 2 spell: Searing Ray
   332 | D:1      | Reached skill level 6 in Conjurations
   437 | D:1      | Reached XP level 3. HP: 18/19 MP: 7/7
   829 | D:2      | Learned a level 3 spell: Dazzling Spray
  1127 | D:2      | Found a radiant altar of Vehumet.
  1131 | D:2      | Found a stormy altar of Qazlal.
  1136 | D:2      | Found a hazy altar of Hepliaklqana.
  1205 | D:2      | Became a worshipper of Vehumet
  1294 | D:2      | Found a blossoming altar of Fedhas.
  1296 | D:2      | Found an ancient bone altar of Kikubaaqudgha.
  1350 | D:2      | Reached skill level 1 in Throwing
  1390 | D:2      | You fall through a shaft for 2 floors!
  1390 | D:4      | Found a glowing golden altar of the Shining One.
  1429 | D:4      | Reached XP level 4. HP: 17/24 MP: 3/8
  1447 | D:4      | HP: 1/24 [gnoll (4)]
  1448 | D:4      | Succumbed to a worker ant's poison

Skill      XL: |  1  2  3 |
---------------+----------+-----
Conjurations   | 6 |  6.4
Throwing       | 1 |  1.2
Fighting       | |  0.6
Short Blades   | |  0.7
Dodging        | |  2.9
Stealth        | |  2.3
Spellcasting   | |  2.3

Action                   |  1- 3 |  4- 6 || total
-------------------------+-------+-------++-------
Melee: Unarmed           |     1 |       ||     1
       Short sword       |    32 |     6 ||    38
       Peck              |     5 |     1 ||     6
       Kick              |     3 |     2 ||     5
Throw: Tomahawk          |    18 |     1 ||    19
 Cast: Magic Dart        |    25 |     2 ||    27
       Searing Ray       |     4 |     2 ||     6
  Use: Scroll            |     4 |       ||     4
       Potion            |       |     2 ||     2
 Stab: Sleeping          |     1 |       ||     1
  Eat: Bread ration      |     1 |       ||     1
Armor: Robe              |     6 |       ||     6
Dodge: Dodged            |    36 |     8 ||    44
